 Seeded DCSS version 0.29.1-15-g9cfb28693d (webtiles) character file.

Game seed: 3152401777773660245 (custom seed)

2928 Mickster the Cleaver (level 9, -9/79 HPs)
             Began as a Hill Orc Berserker on May 1, 2023.
             Was a Priest of Trog.
             Mangled by an orc warrior
             ... wielding a +0 flail
              (14 damage)
             ... on level 8 of the Dungeon.
             The game lasted 00:54:03 (5749 turns).

Mickster the Cleaver (Hill Orc Berserker)           Turns: 5749, Time: 00:54:04

Health: -9/79      AC: 17    Str: 24    XL:     9   Next: 79%
Magic:  9/9        EV:  8    Int:  7    God:    Trog [***...]
Gold:   257        SH:  3    Dex: 10    Spells: 8/8 levels left

rFire   + . .      SeeInvis .   t - +0 war axe
rCold   + + .      Faith    .   G - +0 buckler
rNeg    + . .      Spirit   .   b - +0 chain mail
rPois   +          Reflect  .   K - +1 hat
rElec   +          Harm     .   (no cloak)
rCorr   .          Rampage  .   l - +2 pair of gloves of Yredelemnul's Whim {rElec rPois rF+ rC+}
Will    .....                   g - +1 pair of boots
Stlth   ..........              (no amulet)
HPRegen 0.23/turn               w - ring of protection from cold
MPRegen 0.11/turn               q - ring of positive energy

@: no status effects
A: no striking features
a: Renounce Religion, Berserk, Trog's Hand


You were on level 8 of the Dungeon.
You worshipped Trog.
Trog was most pleased with you.
You visited 1 branch of the dungeon, and saw 8 of its levels.

You collected 257 gold pieces.

Inventory:

Hand Weapons
 a - a +0 hand axe
 d - a +0 long sword
 h - a +2 dagger of speed
 i - a +0 flail
 j - a +2 hand axe of freezing
 r - a +1 vorpal hand axe
 t - a +0 war axe (weapon)
 u - a +0 dagger of venom
 x - a +1 whip of venom
 C - a +0 falchion
 E - a +0 long sword of flaming
 J - a +4 hand axe
 L - a +0 war axe
Missiles
 e - 30 poisoned darts
 f - 45 stones
 k - 5 boomerangs
 m - 2 throwing nets (quivered)
 H - a curare-tipped dart
Armour
 b - a +0 chain mail (worn)
 g - a +1 pair of boots (worn)
 l - the +2 pair of gloves of Yredelemnul's Whim (worn) {rElec rPois rF+ rC+}
   (You acquired it on level 3 of the Dungeon)

   rF:        It protects you from fire.
   rC:        It protects you from cold.
   rElec:     It insulates you from electricity.
   rPois:     It protects you from poison.
 F - +0 steam dragon scales
 G - a +0 buckler (worn)
 K - a +1 hat (worn)
Jewellery
 q - a ring of positive energy (right hand)
 w - a ring of protection from cold (left hand)
 N - a +6 ring of strength
Wands
 c - a wand of charming (17)
 n - a wand of flame (30)
 y - a wand of quicksilver (4)
Scrolls
 o - 2 scrolls of blinking
 p - 3 scrolls of identify
 s - 3 scrolls of teleportation
 D - a scroll of amnesia {unknown}
 I - a scroll of magic mapping {unknown}
Potions
 v - a potion of mutation {unknown}
 z - 2 potions of brilliance {unknown}
 A - a potion of magic {unknown}
 B - a potion of invisibility {unknown}
 O - a potion of lignification {unknown}


   Skills:
 + Level 7.0 Fighting
 - Level 1.8(3.2) Short Blades
 * Level 4.5(4.8) Long Blades
 - Level 11.4 Axes
 * Level 1.2 Throwing
 + Level 7.7 Armour
 + Level 2.4 Dodging
 + Level 0.1 Stealth
 + Level 1.2 Shields
 + Level 0.1 Evocations


You had 8 spell levels left.
You didn't know any spells.
Your spell library was empty.

Dungeon Overview and Level Annotations

Branches:
Dungeon (8/15)             Temple (0/1) D:4
   Lair: D:8-11

Altars:
Dithmenos
Trog

Shops:
D:5 (


Message History

The orc warrior hits you but does no damage.
You feel better.
The orc warrior hits you but does no damage.
You barely miss the orc warrior.
The orc warrior is heavily wounded.
The orc warrior hits you but does no damage.
You hit the orc warrior. You burn the orc warrior.
The orc warrior is heavily wounded.
You block the orc warrior's attack.
You slash the orc warrior! You burn the orc warrior.
The orc warrior is almost dead.
The orc warrior barely misses you.
The orc warrior hits you with a +0 flail.
* * * LOW HITPOINT WARNING * * *
You closely miss the orc warrior.
The orc warrior is almost dead.
The orc warrior hits you but does no damage.
You barely miss the orc warrior.
The orc warrior is almost dead.
The orc warrior hits you with a +0 flail!
* * * LOW HITPOINT WARNING * * *
Unknown command.
You hit the orc warrior but do no damage.
The orc warrior is almost dead.
You hear the rapid hiss of a very distant avalanche of sand.
The orc warrior hits you with a +0 flail!
* * * LOW HITPOINT WARNING * * *
You hit the orc warrior but do no damage.
The orc warrior is almost dead.
The orc warrior hits you but does no damage.
Your +0 long sword of flaming stops flaming.
t - a +0 war axe (weapon)
The orc warrior hits you but does no damage.
You hit the orc warrior but do no damage.
The orc warrior is almost dead.
You block the orc warrior's attack.
You closely miss the orc warrior.
The orc warrior is almost dead.
The orc warrior hits you with a +0 flail!
You die...

#.# #.... #.#
#.... #.#
#.... #.#
#.... #.#
###### #....
#.###....#####
#....
#...'....'....
.....
#####....#####
###...
#...@.......
#...
#<.##o........
#... #.
..........
#... #
#.##....... #.
.#.###. ..
.#.# .. .. #
... .


You could see an orc warrior.

Vanquished Creatures
  Maggie (D:7)
  A hornet (D:8)
  Grinder (D:6)
  A wyvern (D:8)
  A steam dragon (D:8)
  An ice beast (D:5)
  2 ogres
  A phantom (D:5)
  2 centaurs
  A kobold brigand (D:7)
  A bullfrog (D:8)
  6 scorpions
  2 necrophages
  4 wights (D:7)
  3 howler monkeys
  3 jellies
  2 hounds
  3 orc priests
  3 iguanas
  2 orc wizards (D:5)
  Ijyb (D:3)
  4 adders
  A white imp (D:7)
  2 ufetubi
  2 worms
  A dart slug (D:3)
  20 orcs
  6 ball pythons
  5 endoplasms
  5 giant cockroaches
  2 goblins (D:1)
  7 hobgoblins
  4 jackals (D:2)
  3 quokkas
  6 bats
  2 frilled lizards (D:2)
  12 kobolds
  3 rats
127 creatures vanquished.

Vanquished Creatures (others)
  A plant (D:5)
1 creature vanquished.

Grand Total: 128 creatures vanquished

Notes
Turn   | Place    | Note
-------+----------+-------------------------------------------
     0 | D:1      | Mickster the Hill Orc Berserker began the quest for the
                  | Orb.
     0 | D:1      | Reached XP level 1. HP: 19/19 MP: 1/1
    42 | D:1      | Found a faded altar of an unknown god.
   296 | D:1      | Reached XP level 2. HP: 18/27 MP: 2/2
   810 | D:2      | Reached XP level 3. HP: 33/33 MP: 3/3
   899 | D:2      | Reached ** piety under Trog
  1060 | D:3      | Reached skill level 1 in Short Blades
  1256 | D:3      | Reached XP level 4. HP: 41/41 MP: 4/4
  1320 | D:3      | Identified a scroll of acquirement
  1320 | D:3      | Acquired the +2 pair of gloves of Yredelemnul's Whim {rElec
                  | rPois rF+ rC+}
  1442 | D:3      | Noticed Ijyb
  1458 | D:3      | Killed Ijyb
  1459 | D:3      | Reached skill level 5 in Axes
  1459 | D:3      | Reached XP level 5. HP: 42/47 MP: 5/5
  1923 | D:4      | Reached skill level 5 in Fighting
  1923 | D:4      | Reached XP level 6. HP: 56/56 MP: 6/6
  1980 | D:4      | Found a staircase to the Ecumenical Temple.
  2569 | D:5      | Entered Level 5 of the Dungeon
  2569 | D:5      | Noticed an ice beast
  2574 | D:5      | Killed an ice beast
  2575 | D:5      | Reached skill level 6 in Axes
  2606 | D:5      | Reached XP level 7. HP: 46/61 MP: 7/7
  2803 | D:5      | Reached skill level 7 in Axes
  3197 | D:5      | Reached skill level 8 in Axes
  3384 | D:5      | Reached skill level 5 in Armour
  3384 | D:5      | Reached XP level 8. HP: 70/70 MP: 8/8
  3513 | D:5      | Found Zotzo's Hydra Hut.
  3516 | D:5      | Noticed a seven-headed hydra
  3826 | D:6      | Noticed Grinder
  3834 | D:6      | Killed Grinder
  3835 | D:6      | Reached skill level 9 in Axes
  4025 | D:6      | Found a bloodstained altar of Trog.
  4048 | D:6      | Found a shadowy altar of Dithmenos.
  4126 | D:6      | Reached *** piety under Trog
  4140 | D:6      | Reached skill level 10 in Axes
  4727 | D:7      | Noticed Maggie
  4745 | D:7      | Killed Maggie
  4746 | D:7      | Reached skill level 11 in Axes
  4746 | D:7      | Reached XP level 9. HP: 78/78 MP: 9/9
  5084 | D:7      | Reached skill level 1 in Long Blades
  5283 | D:8      | Noticed a hornet
  5292 | D:8      | Paralysed by a hornet for 2 turns
  5295 | D:8      | Killed a hornet
  5401 | D:8      | Reached skill level 1 in Shields
  5491 | D:8      | Reached skill level 1 in Throwing
  5749 | D:8      | Mangled by an orc warrior

Illustrated notes

Levels and vault maps discovered:
D:1:      dpeg_arrival_signposts, layout_rooms,
          hellmonk_ecumenical_altar_lost_god
D:2:      layout_basic
D:3:      layout_basic, grunt_decor_cap, uniq_ijyb
D:4:      layout_loops_ring, minmay_temple_entry_gardened_gates,
          patterned_corridor
D:5:      layout_cave_pods, doesnt_shop_hydraphobe
D:6:      layout_loops_ring, mainiacjoe_overflow_big_doors, eino_tiny_chamber,
          uniq_grinder
D:7:      layout_loops_ring, kennysheep_generic_room_13, uniq_maggie
D:8:      layout_basic, gup_ossuary_entry_pyramid,
          chequers_serial_rivers_large_a, corner_web_ring

Skill      XL: |  1  2  3  4  5  6  7  8  9 |
---------------+----------------------------+-----
Fighting       | 4 5 6 7 |  7.0
Short Blades   | 1 |  1.8
Dodging        | 2 |  2.4
Axes           | 5 6 8 11 | 11.4
Armour         | 3 4 5 6 7 |  7.7
Long Blades    | 4 |  4.5
Shields        | 1 |  1.2
Throwing       | 1 |  1.2
Stealth        | |  0.1
Evocations     | |  0.1

Action                   |  1- 3 |  4- 6 |  7- 9 || total
-------------------------+-------+-------+-------++-------
Melee: Hand axe          |    58 |    84 |   135 ||   277
       Dagger            |    92 |    23 |       ||   115
       Punch             |     1 |       |       ||     1
       Long sword        |       |       |   132 ||   132
       War axe           |       |       |     2 ||     2
Throw: Stone             |     4 |       |       ||     4
       Dart              |     3 |       |       ||     3
       Throwing net      |       |       |     3 ||     3
Invok: Berserk           |     1 |     4 |    11 ||    16
       Trog's Hand       |       |     2 |     3 ||     5
Evoke: Wand              |       |       |     1 ||     1
  Use: Scroll            |     3 |     4 |     3 ||    10
       Potion            |     1 |     2 |     1 ||     4
Armor: Chain mail        |   142 |    59 |   169 ||   370
Dodge: Dodged            |    96 |    47 |   108 ||   251
Block: Buckler           |       |       |    21 ||    21
